 Dungeon Crawl Stone Soup version 0.29-a0-233-g1125b37a9b (webtiles) character file.

Game seed: 3562041674233883363

6557 YayAnonymity the Cleaver (level 11, -2/99 HPs)
             Began as a Hill Orc Abyssal Knight on Feb 28, 2022.
             Was a Priest of Lugonu.
             Succumbed to a killer bee's poison
             ... on level 9 of the Dungeon on Mar 2, 2022.
             The game lasted 00:14:56 (6986 turns).

YayAnonymity the Cleaver (Hill Orc Abyssal Knight)  Turns: 6986, Time: 00:14:56

Health: -2/99      AC: 15    Str: 17 (21) XL:     11   Next: 1%
Magic:  18/18      EV: 10    Int:  7 (10) God:    Lugonu [***...]
Gold:   419        SH:  0    Dex: 15 (17) Spells: 9/10 levels left

rFire   . . .      SeeInvis .   a - +2 war axe
rCold   . . .      Faith    .   (no shield)
rNeg    . . .      Spirit   .   v - +0 scale mail
rPois   .          Reflect  .   h - +2 helmet
rElec   .          Harm     .   w - +1 cloak
rCorr   .          Rampage  .   f - +0 pair of gloves
Will    .....                   (no boots)
Stlth   ..........              (no amulet)
HPRegen 0.26/turn               o - +4 ring of slaying
MPRegen 0.16/turn               u - +6 ring of dexterity

@: lethally poisoned (-2 -> -30)
A: deterioration 1
a: Renounce Religion, Depart the Abyss, Bend Space, Banish


You were on level 9 of the Dungeon.
You worshipped Lugonu.
Lugonu was most pleased with you.
You visited 2 branches of the dungeon, and saw 10 of its levels.
You visited the Abyss 1 time.

You collected 419 gold pieces.

Inventory:

Hand Weapons
 a - a +2 war axe (weapon)
Missiles
 m - 27 poisoned darts (quivered)
 D - 2 throwing nets
Armour
 f - a +0 pair of gloves (worn)
 h - a +2 helmet (worn)
 v - a +0 scale mail (worn)
 w - a +1 cloak (worn)
Jewellery
 o - a +4 ring of slaying (left hand)
 u - a +6 ring of dexterity (right hand)
 C - a ring of flight
Wands
 c - a wand of iceblast (9)
 n - a wand of flame (37)
 p - a wand of mindburst (6)
Scrolls
 b - 2 scrolls of holy word
 g - a scroll of blinking
 j - a scroll of fear
 q - 4 scrolls of teleportation
 y - 2 scrolls of enchant weapon
Potions
 d - 2 potions of invisibility
 e - a potion of attraction
 i - a potion of flight
 l - a potion of might
 r - a potion of mutation
 s - a potion of magic {unknown}
 t - 2 potions of degeneration
 x - 3 potions of brilliance
 z - 2 potions of lignification {unknown}
 A - a potion of curing {unknown}


   Skills:
 + Level 9.9 Fighting
 + Level 14.6 Axes
 + Level 8.7 Armour
 - Level 0.7 Dodging
 - Level 10.0 Invocations
 + Level 3.5 Evocations


You had 9 spell levels left.
You knew the following spells:

 Your Spells              Type           Power      Damage    Failure   Level
a - Shock                 Conj/Air       0%         1d3       78%         1

Your spell library contained the following spells:

 Spells                   Type           Power      Damage    Failure   Level
 Animate Skeleton         Necr           0%         N/A       78%         1
 Apportation              Tloc           0%         N/A       78%         1
 Pain                     Necr           0%         1d4       78%         1
 Slow                     Hex            0%         N/A       78%         1
 Summon Small Mammal      Summ           0%         N/A       78%         1
 Scorch                   Fire           0%         2d5       89%         2
 Confusing Touch          Hex            0%         N/A       98%         3
 Swiftness                Air            0%         N/A       98%         3
 Vampiric Draining        Necr           0%         2d6       98%         3
 Airstrike                Air            0%         N/A       100%        4
 Flame Wave               Conj/Fire      0%         2d4       100%        4
 Petrify                  Tmut/Erth      0%         N/A       100%        4
 Metabolic Englaciation   Hex/Ice        0%         N/A       100%        5
 Statue Form              Tmut/Erth      0%         N/A       100%        6
 Summon Cactus Giant      Summ           0%         N/A       100%        6


Dungeon Overview and Level Annotations

Branches:
Dungeon (10/15)            Temple (1/1) D:6
   Lair: D:8-11         Orc: D:9-12

Altars:
Ashenzari
Cheibriados
Dithmenos
Elyvilon
Fedhas
Gozag
Hepliaklqana
Kikubaaqudgha
Makhleb
Nemelex Xobeh
Okawaru
Ru
Sif Muna
Trog
Uskayaw
Vehumet
Wu Jian
Xom
Yredelemnul
Zin

Shops:
D:5 *


Innate Abilities, Weirdness & Mutations

Your body sometimes deteriorates upon taking damage.


Message History

You feel very sick. The killer bee stings you!
* * * LOW HITPOINT WARNING * * *
The killer bee closely misses you.
The killer bee stings you but does no damage.
The killer bee barely misses you. The killer bee stings you.
* * * LOW HITPOINT WARNING * * *
You closely miss the killer bee.
The killer bee is lightly wounded.
You miss the killer bee. You slash the killer bee!
You kill the killer bee!
Lugonu accepts your kill.
You feel sick.
The killer bee stings you but does no damage.
The killer bee closely misses you.
You miss the killer bee.
The killer bee is lightly wounded.
You hit the killer bee.
You feel sick. The killer bee stings you.
* * * LOW HITPOINT WARNING * * *
The killer bee stings you.
* * * LOW HITPOINT WARNING * * *
The killer bee stings you but does no damage.
The killer bee barely misses you.
You closely miss the killer bee.
The killer bee is lightly wounded.
You miss the killer bee.
* * * LOW HITPOINT WARNING * * *
You feel sick.
The killer bee stings you but does no damage.
The killer bee stings you.
* * * LOW HITPOINT WARNING * * *
You are lethally poisoned!
The killer bee poisons you! The killer bee stings you.
* * * LOW HITPOINT WARNING * * *
You are more poisoned.
The killer bee poisons you!
It was a potion of degeneration.
There was something very wrong with that liquid.
You feel weakened.
You feel dopey.
You feel clumsy.
You die...

.≈≈≈..S.. #. ......... #.
#......# #.#####+#......##
#................
#......).)####### ..#
#.........#.....# ...#
#.....†.†y#.....# ...#
#...>...y@')....# ...+
#....######.....#####..#
#....#..............#..+
.#######....#..............#..#
............###............'..###
..............#.........####.....
..............#...###...#........
..............#...+.#...#........
..............#####.#...#........


You could see 2 killer bees.

Vanquished Creatures
  Harold (D:10)
  A kobold demonologist (D:7)
  2 trolls
  Sigmund (D:2)
  A vampire (D:10)
  2 vampire mosquitoes (D:7)
  A water moccasin (D:7)
  An ice beast (D:6)
  2 sky beasts
  A black bear (D:6)
  An ogre (D:3)
  2 wolves (D:9)
  2 centaurs (D:7)
  3 kobold brigands
  2 phantoms
  Blork the orc (D:4)
  A bullfrog (D:6)
  2 necrophages (D:5)
  A gnoll sergeant (D:5)
  A scorpion (D:6)
  8 wights (D:7)
  3 killer bees (D:9)
  A howler monkey (D:6)
  7 hounds
  2 jellies
  2 orc priests
  5 iguanas
  3 orc wizards
  8 gnolls (D:5)
  9 adders
  2 white imps (D:6)
  2 ufetubi (D:6)
  A worm (D:3)
  3 dart slugs
  18 orcs
  8 ball pythons
  6 bats
  11 endoplasms
  5 giant cockroaches
  10 goblins
  7 hobgoblins
  4 jackals (D:2)
  2 quokkas
  3 frilled lizards (D:1)
  14 kobolds
  5 rats
178 creatures vanquished.

Vanquished Creatures (others)
  An orc (D:9)
  4 plants (D:3)
  2 withered plants (D:1)
7 creatures vanquished.

Grand Total: 185 creatures vanquished

Notes
Turn   | Place    | Note
-------+----------+-------------------------------------------
     0 | Abyss:1  | YayAnonymity the Hill Orc Abyssal Knight began the quest
                  | for the Orb.
     0 | Abyss:1  | Reached XP level 1. HP: 19/19 MP: 2/2
    71 | Abyss:1  | Noticed an ancient zyme
    72 | D:1      | Escaped the Abyss
   107 | D:1      | Reached skill level 3 in Axes
   111 | D:1      | Reached * piety under Lugonu
   139 | D:1      | Reached XP level 2. HP: 26/26 MP: 3/3
   234 | D:1      | Reached skill level 4 in Axes
   400 | D:1      | Found a faded altar of an unknown god.
   426 | D:1      | Upgraded the game from 0.29-a0-231-g945431f764 to
                  | 0.29-a0-233-g1125b37a9b
   614 | D:1      | Reached XP level 3. HP: 31/31 MP: 4/4
   828 | D:2      | Reached skill level 5 in Axes
   967 | D:2      | Reached ** piety under Lugonu
  1150 | D:2      | Reached XP level 4. HP: 39/39 MP: 5/5
  1205 | D:2      | Noticed Sigmund
  1255 | D:2      | Killed Sigmund
  1256 | D:2      | Reached skill level 7 in Axes
  1256 | D:2      | Reached XP level 5. HP: 24/45 MP: 6/6
  1411 | D:2      | Identified the +1 leather armour of the Slightly Bent
                  | {-Tele rElec rPois rN+}
  1454 | D:2      | Reached skill level 8 in Axes
  1454 | D:2      | Reached XP level 6. HP: 44/51 MP: 7/7
  1844 | D:3      | Found a bloodstained altar of Trog.
  2254 | D:3      | Reached skill level 9 in Axes
  2483 | D:3      | Found a white marble altar of Elyvilon.
  2592 | D:4      | Learned a level 1 spell: Shock
  2641 | D:4      | Reached XP level 7. HP: 52/57 MP: 8/8
  2692 | D:4      | Reached skill level 10 in Axes
  2697 | D:4      | Noticed Blork the orc
  2707 | D:4      | Killed Blork the orc
  2795 | D:4      | Found an opulent altar of Gozag.
  2927 | D:4      | Reached *** piety under Lugonu
  3003 | D:5      | Entered Level 5 of the Dungeon
  3023 | D:5      | Reached skill level 11 in Axes
  3172 | D:5      | Found Sedoq's General Store.
  3192 | D:5      | Reached skill level 13 in Axes
  3192 | D:5      | Reached XP level 8. HP: 74/74 MP: 8/14
  3248 | D:5      | Reached XP level 9. HP: 81/81 MP: 15/15
  4191 | D:6      | Reached skill level 14 in Axes
  5062 | D:6      | Found a staircase to the Ecumenical Temple.
  5069 | Temple   | Entered the Ecumenical Temple
  5701 | D:7      | Reached skill level 1 in Evocations
  5717 | D:7      | Reached XP level 10. HP: 91/91 MP: 16/16
  5723 | D:7      | Noticed a kobold demonologist
  5724 | D:7      | Noticed a boulder beetle
  5736 | D:7      | Gained mutation: Your body sometimes deteriorates upon
                  | taking damage. [a neqoxec]
  5738 | D:7      | Killed a kobold demonologist
  5739 | D:7      | Banished a boulder beetle
  5998 | D:7      | Found a hide-covered altar of Uskayaw.
  5999 | D:7      | Found a shimmering blue altar of Sif Muna.
  5999 | D:7      | Found a hazy altar of Hepliaklqana.
  5999 | D:7      | Found a basalt altar of Yredelemnul.
  6001 | D:7      | Found a snail-covered altar of Cheibriados.
  6001 | D:7      | Found an ancient bone altar of Kikubaaqudgha.
  6001 | D:7      | Found a broken altar of Ashenzari.
  6297 | D:7      | You fall into a shaft and drop 3 floors!
  6297 | D:10     | Entered Level 10 of the Dungeon
  6330 | D:10     | Reached skill level 10 in Invocations
  6607 | D:10     | Noticed Harold
  6613 | D:10     | Killed Harold
  6976 | D:9      | Reached XP level 11. HP: 60/99 MP: 18/18
  6985 | D:9      | HP: 3/99 [killer bee (5)]
  6986 | D:9      | Succumbed to a killer bee's poison

Illustrated notes

Levels and vault maps discovered:
D:1:      wander_arrival_chamber, layout_rooms,
          ebering_ecumenical_altar_petrified
D:2:      layout_basic, uniq_sigmund
D:3:      layout_rooms, general_overflow_altar, old_standard_altar,
          serial_bayou_lagoon_a, minmay_pentomino_pile
D:4:      layout_rooms, nicolae_overflow_crystal_walls,
          nicolae_figureground_pulse, uniq_blork_the_orc
D:5:      layout_loops_corners, serial_shops, shop
D:6:      layout_basic, minmay_temple_entry_trees, grunt_ministairs_14
D:7:      minmay_the_grid_octo_2x2 [minmay_the_grid_octo_teeth,
          minmay_the_grid_octo_clover, minmay_the_grid_octo_shrine,
          minmay_the_grid_octo_prize_single_spiral], layout_loops_corners,
          amcnicky_altar_gilded, grunt_temple_overflow_open, uniq_joseph,
          uniq_crazy_yiuf_cottage
D:9:      layout_irregular_city, erik_lair_island
D:10:     layout_roguey, uniq_harold
Temple:   cyrus_temple_forest

Skill      XL: |  1  2  3  4  5  6  7  8  9 10 |
---------------+-------------------------------+-----
Axes           | 3 4 5 7 8 9 13 14 | 14.6
Fighting       | 8 9 |  9.9
Armour         | 6 7 8 |  8.7
Invocations    | 8 9 10 | 10.0
Evocations     | 1 3 |  3.5
Dodging        | |  0.7

Action                   |  1- 3 |  4- 6 |  7- 9 | 10-12 || total
-------------------------+-------+-------+-------+-------++-------
Melee: Hand axe          |    93 |    94 |   220 |    37 ||   444
       Punch             |       |     2 |     4 |     1 ||     7
       War axe           |       |       |       |    68 ||    68
Throw: Dart              |       |     2 |     4 |       ||     6
Invok: Depart the Abyss  |     1 |       |       |       ||     1
       Banish            |       |       |     7 |     2 ||     9
       Bend Space        |       |       |     1 |       ||     1
  Use: Scroll            |       |       |    16 |     3 ||    19
       Potion            |       |       |     1 |     3 ||     4
Armor: Leather armour    |    14 |       |       |       ||    14
       Ring mail         |    12 |    28 |       |       ||    40
       Scale mail        |       |     4 |   102 |    66 ||   172
Dodge: Dodged            |    53 |    45 |    69 |    62 ||   229

Table legend: (Time is in decaauts)
 A = Elapsed time spent in this place.
 B = Non-inter-level travel time spent in this place.
 C = Inter-level travel time spent in this place.
 D = Time resting spent in this place.
 E = Time spent auto-exploring this place.
 F = Levels seen in this place.
 G = Mean time per level.
                   A        B        C        D        E       F      G
               +--------+--------+--------+--------+--------+-----+--------+
         Total |   6888 |   6523 |    365 |    294 |   5009 |  11 |  626.2 |
       Dungeon |   6736 |   6395 |    341 |    294 |   4892 |   9 |  748.4 |
        Temple |     80 |     56 |     24 |      0 |     48 |   1 |   80.0 |
         Abyss |     72 |     72 |      0 |      0 |     69 |   1 |   72.0 |
               +--------+--------+--------+--------+--------+-----+--------+

Top non-repeatable levels by time:
     D:5: 1209 daAuts
     D:6: 1118 daAuts
     D:2: 1026 daAuts
     D:7: 770 daAuts
     D:3: 766 daAuts
     D:1: 662 daAuts
     D:4: 505 daAuts
    D:10: 386 daAuts
     D:9: 290 daAuts
  Temple: 80 daAuts
 Abyss:1: 72 daAuts
